 Dungeon Crawl Stone Soup version 0.31-a0-986-g5e6e4ef867 (webtiles) character file.

Game seed: 7358511396077164261

2154 Zonian the Thaumaturge (level 9, -3/45 HPs)
             Began as a Deep Elf Earth Elementalist on Nov 22, 2023.
             Was an Initiate of Vehumet.
             Slain by a hornet (11 damage)
             ... on level 7 of the Dungeon.
             The game lasted 00:22:44 (8376 turns).

Zonian the Thaumaturge (DEEE)                       Turns: 8376, Time: 00:22:44

Health: -3/45      AC:  4    Str:  5    XL:     9   Next: 10%
Magic:  19/24      EV: 11    Int: 25    God:    Vehumet [......]
Gold:   138        SH:  0    Dex: 15    Spells: 17/27 levels left

rFire   + . .        e - +0 short sword (flame) {short}
rCold   . . .        (no shield)
rNeg    . . .        t - +1 leather armour {rF+}
rPois   .            (no helmet)
rElec   .            (no cloak)
rCorr   .            (no gloves)
SInv    .            (no boots)
Will    .....        (no amulet)
Stlth   ++           r - ring of flight
HPRegen 0.27/turn    (no ring)
MPRegen 0.19/turn

%: no passive effects
@: flying, slowed, very slow
A: no striking features
a: Renounce Religion


You were on level 7 of the Dungeon.
You worshipped Vehumet.
Vehumet was noncommittal.
You visited 2 branches of the dungeon, and saw 8 of its levels.

You collected 375 gold pieces.
You spent 237 gold pieces at shops.


   Skills:
 - Level 2.4 Dodging
 - Level 2.4 Stealth
 + Level 9.8 Spellcasting
 + Level 7.1 Conjurations
 - Level 1.1 Transmutations
 + Level 8.4 Earth Magic


You had 17 spell levels left.
You knew the following spells:

 Your Spells              Type           Power      Damage    Failure   Level
a - Sandblast             Erth           100%       2d20      1%          1
b - Stone Arrow           Conj/Erth      100%       3d13      1%          3
c - Passwall              Tmut/Erth      30%        N/A       1%          2
d - Brom's Barrelling Bo  Conj/Erth      50%        2d7       3%          4

Your spell library contained the following spells:

 Spells                   Type           Power      Damage    Failure   Level
 Petrify                  Tmut/Erth      36%        N/A       12%         4
 Animate Armour           Summ/Erth      66%        N/A       16%         4
 Lehudib's Crystal Spear  Conj/Erth      25%        10d7      100%        8

Inventory:

Hand Weapons
 e - a +0 short sword of flaming (weapon) {short}
   (You found it on level 1 of the Dungeon)
Missiles
 i - 8 boomerangs {throwing}
 q - 10 poisoned darts {throwing}
Armour
 a - a +2 robe
 t - a +1 leather armour of fire resistance (worn)
   (You took it off an orc on level 6 of the Dungeon)
Jewellery
 r - a ring of flight (left hand)
   (You found it on level 6 of the Dungeon)
Wands
 m - a wand of mindburst (16)
   (You found it on level 3 of the Dungeon)
Scrolls
 c - 3 scrolls of immolation {!r!r}
 d - 5 scrolls of fog
 k - 2 scrolls of teleportation {@r4}
 s - a scroll of vulnerability {!r!r}
Potions
 b - 2 potions of magic
 f - 2 potions of curing {@q1}
 g - a potion of haste {@q3}
 h - a potion of heal wounds {@q2}
 j - 2 potions of enlightenment
 l - 2 potions of degeneration {unknown}
 n - a potion of lignification {!q}
 o - 3 potions of mutation {unknown}
 p - a potion of cancellation {unknown}

Dungeon Overview and Level Annotations

Branches:
Dungeon (7/15) Zot: 25285  Temple (1/1) D:5 Zot: 5995

Altars:
Elyvilon
Fedhas
Hepliaklqana
Makhleb
Nemelex Xobeh
Okawaru
Qazlal
Ru
Sif Muna
Trog
Uskayaw
Vehumet
Xom
Yredelemnul
The Shining One

Shops:
D:2 !   D:6 ?   D:7 :

Annotations:
D:4 Pikel
D:5 1 runed translucent door, Tollund's ghost, novice MiMo
D:7 1 transporter, Sirjeffry24's ghost, novice DsFi

#################
#...............#
#.#############.#
#.# #.# #.#
#######.# #.#
#.......# #.#
###.####### #@#
#.....# .......y#
#.##..# ......#.#
#. #..#
#######.#####
#..#
........##..#
#...........#
..####©###..##
### ###F##..#
..l. ##.#


You could see a hornet.


Message History

There is a radiant altar of Vehumet here.
You see here the human corpse of Prince Ribbit.
There is an open door here.
The hornet buzzes angrily.
There is an open door here.
As you close the door, it creaks loudly!
Unknown command.
There is a radiant altar of Vehumet here.
You see here the human corpse of Prince Ribbit.
There is an open door here.
You now have 138 gold pieces (gained 15).
Unknown command.
The moth of wrath's fur bristles in rage as it notices you.
Unknown command.
There is a transporter here.
The black bear growls angrily.
You hear a loud, deep croak!
A howler monkey comes into view.
The howler monkey howls!
Casting: Stone Arrow (safe; 1% risk of failure)
Confirm with . or Enter, or press ? or * to list all spells.
Aiming: Stone Arrow (safe; 1% risk of failure)
Press: ? - help, Shift-Dir - straight line, f - howler monkey
Aim: a howler monkey (75% to hit)
The stone arrow hits the howler monkey! 😎 MP[-3]
You lost 3 mp, and now have 21/24 mp.
Unknown command.
Casting: Stone Arrow (safe; 1% risk of failure)
Confirm with . or Enter, or press ? or * to list all spells.
Aiming: Stone Arrow (safe; 1% risk of failure)
Press: ? - help, Shift-Dir - straight line, f/p - howler monkey
Aim: a howler monkey (almost dead, 75% to hit)
The stone arrow hits the howler monkey!
You kill the howler monkey!
Vehumet accepts your kill. 😎 MP[-3]
You lost 3 mp, and now have 18/24 mp.
Unknown command.
The bullfrog gives a loud, deep croak! 😎 MP[+1]
You start resting. 😎 MP[+5]
Your mp is fully restored (24).
You start waiting.
Done waiting.
Found a stone staircase leading down.
Unknown command.
Casting: Stone Arrow (safe; 1% risk of failure)
Confirm with . or Enter, or press ? or * to list all spells.
Aiming: Stone Arrow (safe; 1% risk of failure)
Press: ? - help, Shift-Dir - straight line, f - hornet
Aim: a hornet (66% to hit)
The stone arrow hits the hornet!
The hornet stings you.
You are poisoned.
You feel yourself slow down. The hornet stings you.
You are more poisoned.
You feel as though you will be slow longer. 😕 HP[-10] MP[-3]
You take 10 damage, and now have 35/45 hp.
MASSIVE DAMAGE!! (PAUSE)
You lost 3 mp, and now have 21/24 mp.
You feel better. The hornet stings you.
You are poisoned.
You feel as though you will be slow longer.
The hornet stings you!
You feel as though you will be slow longer. 😮 HP[-4]
You take 4 damage, and now have 31/45 hp.
Casting: Stone Arrow (safe; 1% risk of failure)
Confirm with . or Enter, or press ? or * to list all spells.
Aiming: Stone Arrow (safe; 1% risk of failure)
Press: ? - help, Shift-Dir - straight line, f/p - hornet
Aim: a hornet (heavily wounded, 66% to hit)
The stone arrow hits the hornet!!
You feel very sick. The hornet stings you.
You are more poisoned.
You suddenly lose the ability to move!
The hornet stings you!
* * * LOW HITPOINT WARNING * * *
You are more poisoned.
You feel as though you will be slow longer.
You can move again. 😨 HP[-17] MP[-3]
You take 17 damage, and now have 14/45 hp.
MASSIVE DAMAGE!! (PAUSE)
You lost 3 mp, and now have 18/24 mp.
You feel better. The hornet stings you.
* * * LOW HITPOINT WARNING * * *
You are poisoned.
You feel as though you will be slow longer.
The hornet stings you!
* * * LOW HITPOINT WARNING * * *
You feel as though you will be slow longer.
The hornet barely misses you. 😱 HP[-11] MP[+1]
You take 11 damage, and now have 3/45 hp.
MASSIVE DAMAGE!! (PAUSE)
You feel better. The hornet stings you!
You die...

Skill      XL: |  1  2  3  4  5  6  7  8 |
---------------+-------------------------+-----
Spellcasting   | 4 5 6 7 9 |  9.8
Earth Magic    | 4 5 6 8 |  8.4
Conjurations   | 1 2 4 5 7 |  7.1
Dodging        | |  2.4
Stealth        | |  2.4
Transmutations | |  1.1

Action                     |  1- 3 |  4- 6 |  7- 9 || total
---------------------------+-------+-------+-------++-------
  Melee: Short sword       |       |     1 |     9 ||    10
   Cast: Sandblast         |    61 |    87 |    18 ||   166
         Stone Arrow       |       |    12 |    55 ||    67
  Evoke: Wand              |       |       |     2 ||     2
    Use: Scroll            |       |    10 |     2 ||    12
         Potion            |       |       |     4 ||     4
 Armour: Robe              |     2 |    21 |     4 ||    27
         Leather armour    |       |       |    22 ||    22
  Dodge: Dodged            |     8 |    18 |    19 ||    45

Levels and vault maps discovered:
D:1:      wander_arrival_chamber, layout_basic, ebering_dispersal_statue_hall
D:2:      layout_rooms, serial_shops, nicolae_shop_real_fake_doors,
          minmay_misc_feat_encased, minmay_misc_feat_four_crosses,
          kennysheep_generic_room_5
D:3:      minmay_evil_eye, layout_loops_ring, mainiacjoe_overflow_paths,
          amcnicky_altar_gilded, nicolae_qazlal_scattered_showers,
          elyvilon_altar_4
D:4:      layout_cave_pools, nicolae_tso_besieged_by_evil, uniq_pikel
D:5:      nicolae_cairo_tiling_very_big, layout_rooms, lemuel_doored_altar,
          ebering_ghost_reflecting_pool, minmay_misc_feat_enclosed, uniq_sigmund
D:6:      wander_river, layout_cave_pools, serial_shops, nicolae_lakefront_shop,
          grunt_decor_mini_mirrors, chequers_serial_rivers_small_3
D:7:      layout_basic, nicolae_vehumet_altar_sigil,
          gammafunk_ghost_berserking_beasts, nicolae_shop_vocational,
          uniq_prince_ribbit1
Temple:   pf_temple_reverse_labyrinth

Notes
Turn   | Place    | Note
-------+----------+-------------------------------------------
     0 | D:1      | Zonian the Deep Elf Earth Elementalist began the quest for
                  | the Orb.
     0 | D:1      | Reached XP level 1. HP: 10/10 MP: 6/6
     0 | D:1      | magus.rc [v1.9.6]
   177 | D:1      | You fall into a shaft and drop 1 floor!
   275 | D:2      | Reached XP level 2. HP: 15/15 MP: 5/8
   427 | D:2      | Reached skill level 4 in Spellcasting
   427 | D:2      | Reached skill level 4 in Earth Magic
   469 | D:2      | Reached XP level 3. HP: 19/19 MP: 7/10
   475 | D:2      | Learned a level 3 spell: Stone Arrow
   575 | D:2      | Found Siamedar's Distillery.
   892 | D:1      | You pick up a book of Armaments and begin reading...
   892 | D:1      | You add the spells Animate Armour and Lehudib's Crystal
                  | Spear to your library.
  1303 | D:2      | Reached skill level 1 in Conjurations
  1648 | D:3      | Found a hazy altar of Hepliaklqana.
  1653 | D:3      | Reached XP level 4. HP: 24/24 MP: 9/12
  1762 | D:3      | Found a hide-covered altar of Uskayaw.
  2155 | D:3      | Found a white marble altar of Elyvilon.
  2206 | D:3      | Found a stormy altar of Qazlal.
  2293 | D:4      | Noticed Pikel
  2293 | D:4      | Noticed a lemure
  2293 | D:4      | Noticed a lemure
  2293 | D:4      | Noticed a lemure
  2293 | D:4      | Noticed a lemure
  2343 | D:4      | Reached skill level 5 in Spellcasting
  2343 | D:4      | Reached skill level 2 in Conjurations
  2343 | D:4      | Reached XP level 5. HP: 26/28 MP: 6/14
  3094 | D:4      | Found a glowing golden altar of the Shining One.
  3116 | D:4      | Reached skill level 5 in Earth Magic
  3398 | D:4      | Reached XP level 6. HP: 32/32 MP: 12/16
  3399 | D:4      | Reached skill level 3 in Conjurations
  3883 | D:4      | Reached skill level 6 in Spellcasting
  3945 | D:2      | Bought a potion of haste for 110 gold pieces
  3945 | D:2      | Bought a potion of heal wounds for 55 gold pieces
  3945 | D:2      | Bought a potion of lignification for 33 gold pieces
  3992 | D:5      | Entered Level 5 of the Dungeon
  3992 | D:5      | Found a staircase to the Ecumenical Temple.
  3997 | Temple   | Entered the Ecumenical Temple
  4293 | D:5      | Learned a level 2 spell: Passwall
  4506 | D:5      | Noticed a water moccasin
  4510 | D:5      | Killed a water moccasin
  4511 | D:5      | Reached skill level 4 in Conjurations
  4511 | D:5      | Reached skill level 6 in Earth Magic
  4511 | D:5      | Reached XP level 7. HP: 36/36 MP: 8/19
  4791 | D:5      | Reached skill level 7 in Spellcasting
  4852 | D:5      | Found a sparkling altar of Nemelex Xobeh.
  4898 | D:5      | Noticed Sigmund
  4904 | D:5      | Killed Sigmund
  4905 | D:5      | Reached skill level 5 in Conjurations
  5178 | D:5      | Found a runed translucent door.
  5181 | D:5      | Noticed Tollund's ghost (novice MiMo)
  5447 | D:6      | Reached XP level 8. HP: 41/41 MP: 14/21
  5686 | D:6      | Found Eshran's Magic Scroll Emporium.
  5695 | D:6      | Bought a scroll of teleportation for 39 gold pieces
  5743 | D:6      | Reached skill level 8 in Spellcasting
  5743 | D:6      | Reached skill level 7 in Earth Magic
  6144 | D:6      | Reached skill level 6 in Conjurations
  6279 | D:6      | Learned a level 4 spell: Brom's Barrelling Boulder
  6675 | D:7      | Noticed a gargoyle
  6816 | D:7      | Reached skill level 9 in Spellcasting
  7149 | D:7      | Found Iframeuf's Vocational Training.
  7193 | D:7      | Reached skill level 8 in Earth Magic
  7402 | D:7      | Noticed a hornet
  7456 | D:7      | Found a radiant altar of Vehumet.
  7676 | D:7      | Became a worshipper of Vehumet
  7989 | D:7      | Noticed Prince Ribbit
  8042 | D:7      | Killed Prince Ribbit
  8043 | D:7      | Reached skill level 7 in Conjurations
  8043 | D:7      | Reached XP level 9. HP: 36/45 MP: 9/24
  8172 | D:7      | Found a transporter.
  8176 | D:7      | Noticed Sirjeffry24's ghost (novice DsFi)
  8185 | D:7      | Noticed a moth of wrath
  8374 | D:7      | Paralysed by a hornet for 1 turns
  8375 | D:7      | HP: 3/45 [hornet (13)]
  8376 | D:7      | Slain by a hornet

Vanquished Creatures
  Prince Ribbit (D:7)
  Sigmund (D:5)
  2 water moccasins
  A sky beast (D:7)
  3 ogres
  2 centaurs
  A lemure (D:4)
  A kobold brigand (D:7)
  A bullfrog (D:7)
  2 scorpions
  4 howler monkeys (D:7)
  A crimson imp (D:4)
  A jelly (D:7)
  2 hounds
  3 orc priests
  3 sleepcaps
  7 iguanas
  An orc wizard (D:5)
  7 adders
  A shadow imp (D:5)
  A white imp (D:7)
  3 worms
  2 dart slugs (D:1)
  21 orcs
  9 bats
  13 endoplasms
  4 giant cockroaches
  5 goblins
  6 hobgoblins
  12 kobolds
  2 quokkas (D:1)
  6 ball pythons
  6 frilled lizards
  2 goblin skeletons (D:4)
  A goblin zombie (D:4)
  3 hobgoblin zombies (D:4)
  A kobold skeleton (D:4)
  3 kobold zombies (D:4)
  3 orc zombies (D:4)
  6 rats
154 creatures vanquished.

Vanquished Creatures (others)
  A dart slug (D:3)
1 creature vanquished.

Grand Total: 155 creatures vanquished

Table legend:
 A = Non-vault XP
 B = Vault XP
 C = Vault XP percentage of total XP
 D = Non-vault monster count
 E = Vault monster count
 F = Vault count percentage of total count
                 A         B        C        D         E       F
            +---------+---------+-------+---------+---------+-------
      Total |    2527 |     551 |  17.9 |     133 |      20 |  13.1
            +---------+---------+-------+---------+---------+-------
        D:1 |      46 |       0 |   0.0 |      27 |       0 |   0.0
        D:2 |      43 |       2 |   4.4 |      17 |       1 |   5.6
        D:3 |     105 |       8 |   7.1 |      15 |       3 |  16.7
        D:4 |     202 |      63 |  23.8 |      22 |      14 |  38.9
        D:5 |     702 |     214 |  23.4 |      18 |       1 |   5.3
        D:6 |     681 |       0 |   0.0 |      18 |       0 |   0.0
        D:7 |     748 |     264 |  26.1 |      16 |       1 |   5.9
            +---------+---------+-------+---------+---------+-------

Skill      XL: |  1  2  3  4  5  6  7  8 |
---------------+-------------------------+-----
Spellcasting   | 4 5 6 7 9 |  9.8
Earth Magic    | 4 5 6 8 |  8.4
Conjurations   | 1 2 4 5 7 |  7.1
Dodging        | |  2.4
Stealth        | |  2.4
Transmutations | |  1.1

Action                     |  1- 3 |  4- 6 |  7- 9 || total
---------------------------+-------+-------+-------++-------
  Melee: Short sword       |       |     1 |     9 ||    10
   Cast: Sandblast         |    61 |    87 |    18 ||   166
         Stone Arrow       |       |    12 |    55 ||    67
  Evoke: Wand              |       |       |     2 ||     2
    Use: Scroll            |       |    10 |     2 ||    12
         Potion            |       |       |     4 ||     4
 Armour: Robe              |     2 |    21 |     4 ||    27
         Leather armour    |       |       |    22 ||    22
  Dodge: Dodged            |     8 |    18 |    19 ||    45

Illustrated notes

Table legend:
 A = Kills in this place as a percentage of kills in the entire game.
 B = Kills by you in this place as a percentage of kills by you in the entire game.
 C = Kills by friends in this place as a percentage of kills by friends in the entire game.
 D = Other kills in this place as a percentage of other kills in the entire game.
 E = Experience gained in this place as a percentage of experience gained in the entire game.
 F = Experience gained in this place divided by the number of levels of this place that you have seen.
                   A       B       C       D       E      F
               +-------+-------+-------+-------+-------+----------------------
         Total | 100.0 | 100.0 |   N/A |   N/A | 100.0 | 384.8
       Dungeon | 100.0 | 100.0 |   N/A |   N/A | 100.0 | 439.7
               +-------+-------+-------+-------+-------+----------------------

Table legend: (Time is in decaauts)
 A = Elapsed time spent in this place.
 B = Non-inter-level travel time spent in this place.
 C = Inter-level travel time spent in this place.
 D = Time resting spent in this place.
 E = Time spent auto-exploring this place.
 F = Levels seen in this place.
 G = Mean time per level.
                   A        B        C        D        E       F      G
               +--------+--------+--------+--------+--------+-----+--------+
         Total |   8463 |   8186 |    277 |   3259 |   2965 |   8 | 1057.9 |
       Dungeon |   8459 |   8182 |    277 |   3259 |   2965 |   7 | 1208.4 |
        Temple |      4 |      4 |      0 |      0 |      0 |   1 |    4.0 |
               +--------+--------+--------+--------+--------+-----+--------+

Top non-repeatable levels by time:
     D:7: 1676 daAuts
     D:5: 1605 daAuts
     D:4: 1333 daAuts
     D:3: 1158 daAuts
     D:6: 1111 daAuts
     D:1: 887 daAuts
     D:2: 687 daAuts
  Temple: 4 daAuts
